 Dungeon Crawl Stone Soup version 0.28-a0-1415-g7c84da036a (webtiles) character file.

Game seed: 12007440317630780232

107 bande the Covered (level 4, -11/29 HPs)
             Began as a Gargoyle Fighter on Jan 8, 2022.
             Killed by divine providence
             ... invoked by an orc priest
              (15 damage)
             ... on level 3 of the Dungeon.
             The game lasted 00:04:46 (1942 turns).

bande the Covered (Gargoyle Fighter)                Turns: 1942, Time: 00:04:46

Health: -11/29     AC: 16    Str: 20    XL:     4   Next: 86%
Magic:  4/4        EV:  5    Int:  8    God:
Gold:   89         SH:  5    Dex: 17    Spells: 3/3 levels left

rFire   . . .      SeeInvis .   a - +0 war axe
rCold   . . .      Faith    .   c - +0 buckler
rNeg    + . .      Spirit   .   e - +0 plate armour
rPois   ∞          Reflect  .   (no helmet)
rElec   +          Harm     .   (no cloak)
rCorr   .          Rampage  .   b - +0 pair of gloves
Will    .....                   (no boots)
Stlth   ..........              (no amulet)
HPRegen 0.09/turn               f - +6 ring of dexterity
MPRegen 0.09/turn               (no ring)

@: attractive, flying
A: sickness immunity, AC +3, negative energy resistance 1, electricity
resistance, torment resistance 1, petrification resistance
a: no special abilities


You were on level 3 of the Dungeon.
You visited 1 branch of the dungeon, and saw 3 of its levels.

You collected 89 gold pieces.

Inventory:

Hand Weapons
 a - a +0 war axe (weapon)
Armour
 b - a +0 pair of gloves (worn)
 c - a +0 buckler (worn)
 e - a +0 plate armour (worn)
Jewellery
 f - a +6 ring of dexterity (left hand)
 l - an amulet of regeneration
Scrolls
 m - a scroll of teleportation {unknown}
 n - a scroll of amnesia {unknown}
Potions
 d - 3 potions of might
 g - a potion of flight
 h - a potion of resistance {unknown}
 i - a potion of degeneration {unknown}
 j - a potion of lignification {unknown}


   Skills:
 + Level 3.9 Fighting
 + Level 3.2 Axes
 + Level 4.1 Armour
 + Level 3.6 Shields


You had 3 spell levels left.
You didn't know any spells.
Your spell library contained the following spells:

 Spells                   Type           Power      Damage    Failure   Level
 Blink                    Tloc           0%         N/A       100%        2
 Manifold Assault         Tloc           0%         N/A       100%        5
 Storm Form               Tmut/Air       0%         N/A       100%        7


Dungeon Overview and Level Annotations

Branches:
Dungeon (3/15)

Altars:
Nemelex Xobeh


Innate Abilities, Weirdness & Mutations

You are immune to sickness and miasma.
Your stone body is resilient. (AC +3)
You are immune to poison.
You resist negative energy. (rN+)
You are resistant to electric shocks. (rElec)
You are resistant to unholy torment.
You are immune to petrification.


Message History

You barely miss the orc wizard.
The orc wizard is moderately wounded.
You barely miss the orc. The orc completely misses you.
The orc hits you with a +0 flail.
Unknown command.
You're too confused to move!
The orc barely misses you. The orc hits you but does no damage.
You closely miss the orc. You hit the orc. You hit the orc wizard.
The orc wizard hits you but does no damage.
The orc hits you but does no damage. x2
The orc priest calls upon Beogh to heal the orc.
The orc's wounds heal themselves!
The orc hits you but does no damage.
Unknown command.
You're too confused to move!
The orc wizard hits you but does no damage.
The orc barely misses you. The orc hits you with a +0 whip.
The orc hits you with a +0 hand axe.
* * * LOW HITPOINT WARNING * * *
Unknown command.
The orc wizard hits you but does no damage.
The orc priest looks satisfied for a moment.
You feel less confused.
The orc wizard points at you and mumbles some strange words.
The magic dart hits you.
* * * LOW HITPOINT WARNING * * *
Unknown command.
Unknown command.
It was a potion of flight.
You feel very buoyant.
You fly up into the air.
The orc wizard mumbles some strange words.
The orc wizard flickers and vanishes!
Deactivating autopickup; reactivate with Ctrl-A.
You block the orc's attack. The orc closely misses you.
It was a potion of attraction.
You feel attractive to monsters.
The orc priest calls down the wrath of Beogh upon you.
Beogh smites you!
Ouch! That really hurt!
You die...

####.#
#.# #.##
#..#
#..#
#..#
#..#
####..##
#...@o.#
####..o#
#oo.#
#...#
.....#
..###..#
## #..#
#..# .
#..#


You could see an orc priest and 3 orcs.

Vanquished Creatures
  A scorpion (D:3)
  2 orcs (D:3)
  4 ball pythons
  4 endoplasms
  2 giant cockroaches (D:1)
  8 goblins
  4 hobgoblins
  2 kobolds (D:2)
  4 quokkas
  3 bats (D:1)
  3 frilled lizards
  6 rats
43 creatures vanquished.

Notes
Turn   | Place    | Note
-------+----------+-------------------------------------------
     0 | D:1      | bande the Gargoyle Fighter began the quest for the Orb.
     0 | D:1      | Reached XP level 1. HP: 14/14 MP: 1/1
   150 | D:1      | Found a faded altar of an unknown god.
   373 | D:1      | Reached XP level 2. HP: 16/19 MP: 2/2
   822 | D:2      | Reached XP level 3. HP: 24/24 MP: 3/3
  1606 | D:3      | Found a sparkling altar of Nemelex Xobeh.
  1709 | D:3      | Noticed a scorpion
  1722 | D:3      | Killed a scorpion
  1723 | D:3      | Reached skill level 4 in Armour
  1723 | D:3      | Reached XP level 4. HP: 21/29 MP: 4/4
  1942 | D:3      | Killed from afar by an orc priest

Illustrated notes

Levels and vault maps discovered:
D:1:      minmay_arrival_checkered_box, layout_loops_ring,
          ebering_ecumenical_altar_box, ebering_dispersal_statue_hall
D:2:      layout_rooms, kennysheep_cross_room
D:3:      layout_loops_ring, nemelex_diamond_rough_becter,
          gammafunk_ghost_nasty_kobolds, kennysheep_crisscross, st_stairs_12

Skill      XL: |  1  2  3 |
---------------+----------+-----
Axes           | 2 3 |  3.2
Armour         | 4 |  4.1
Fighting       | |  3.9
Shields        | |  3.6

Action                   |  1- 3 |  4- 6 || total
-------------------------+-------+-------++-------
Melee: War axe           |   116 |    14 ||   130
  Use: Scroll            |     3 |       ||     3
       Potion            |       |     2 ||     2
Armor: Plate armour      |   102 |    16 ||   118
       Scale mail        |     5 |       ||     5
Dodge: Dodged            |    28 |     7 ||    35
Block: Buckler           |    28 |     2 ||    30

Table legend: (Time is in decaauts)
 A = Elapsed time spent in this place.
 B = Non-inter-level travel time spent in this place.
 C = Inter-level travel time spent in this place.
 D = Time resting spent in this place.
 E = Time spent auto-exploring this place.
 F = Levels seen in this place.
 G = Mean time per level.
                   A        B        C        D        E       F      G
               +--------+--------+--------+--------+--------+-----+--------+
         Total |   1996 |   1977 |     19 |     85 |   1488 |   3 |  665.3 |
       Dungeon |   1996 |   1977 |     19 |     85 |   1488 |   3 |  665.3 |
               +--------+--------+--------+--------+--------+-----+--------+

Top non-repeatable levels by time:
     D:1: 726 daAuts
     D:3: 637 daAuts
     D:2: 632 daAuts
